 Dungeon Crawl Stone Soup version 0.24-a0-520-g8fd06ad0bc (webtiles) character file.

Game seed: 1740942837594132089

2065 Gynju the Cleaver (level 9, -7/68 HPs)
             Began as a Formicid Fighter on July 26, 2019.
             Mangled by an orc warrior
             ... wielding a +0 halberd
              (13 damage)
             ... in a bailey.
             The game lasted 00:16:18 (6968 turns).

Gynju the Cleaver (Formicid Fighter)                Turns: 6968, Time: 00:16:18

Health: -7/68      AC: 12    Str: 24    XL:     9   Next: 50%
Magic:  9/9        EV:  9    Int: 10    God:
Gold:   377        SH: 10    Dex: 10    Spells: 8/8 levels left

rFire    . . .     SeeInvis +   a - +0 battleaxe
rCold    . . .     Gourm    .   c - +0 shield
rNeg     . . .     Faith    .   z - +0 chain mail
rPois    .         Spirit   .   (helmet unavailable)
rElec    .         Reflect  .   q - +0 cloak
rCorr    .         Harm     .   (no gloves)
MR       .....                  p - +0 pair of boots
Stlth    ..........             (no amulet)
HPRegen  0.21/turn              h - +2 ring of intelligence
MPRegen  0.11/turn              (no ring)

@: no status effects
A: permanent stasis, dig shafts and tunnels, four strong arms, antennae 3
a: Dig, Shaft Self


You were in a bailey.
You were not hungry.

You visited 1 branch of the dungeon, and saw 7 of its levels.
You also visited: Bailey.

You collected 377 gold pieces.

Inventory:

Hand Weapons
 a - a +0 battleaxe (weapon)
 d - a +0 spear
Missiles
 k - 5 poisoned darts (quivered)
Armour
 c - a +0 shield (worn)
 p - a +0 pair of boots (worn)
 q - a +0 cloak (worn)
 z - a +0 chain mail (worn)
Jewellery
 h - a +2 ring of intelligence (left hand)
Wands
 o - a wand of disintegration (10)
 B - a wand of paralysis (8)
Scrolls
 g - a scroll of immolation
 j - a scroll of enchant weapon
 m - 4 scrolls of remove curse
 A - a scroll of random uselessness {unknown}
Potions
 e - 2 potions of resistance {unknown}
 i - 2 potions of degeneration
 l - 3 potions of lignification
 n - a potion of agility
 s - a potion of heal wounds
 u - a potion of brilliance
 w - a potion of berserk rage {unknown}
 x - a potion of mutation {unknown}
Comestibles
 b - a chunk of flesh
 f - 7 rations


   Skills:
 - Level 5.0 Fighting
 * Level 8.9 Axes
 - Level 5.1 Armour
 - Level 5.0 Dodging
 - Level 5.0 Shields


You had 8 spell levels left.
You didn't know any spells.
Your spell library contained the following spells:

 Spells                   Type           Power        Failure   Level  Hunger
 Animate Skeleton         Necr           N/A          99%         1    ##.....
 Apportation              Tloc           #.....       99%         1    ##.....
 Confusing Touch          Hex            #.....       99%         1    ##.....
 Summon Small Mammal      Summ           #...         99%         1    ##.....


Dungeon Overview and Level Annotations

Branches:
Dungeon (7/15)             Temple (0/1) D:7

Altars:
Hepliaklqana


Innate Abilities, Weirdness & Mutations

You cannot be hasted, slowed, berserked, paralysed or teleported.
You can dig through walls and to a lower floor.
Your four strong arms can wield two-handed weapons with a shield.
You have a pair of large antennae on your head. (SInv)


Message History

You are too injured to fight recklessly!
You are too injured to fight recklessly!
You are too injured to fight recklessly!
You are too injured to fight recklessly!
You are too injured to fight recklessly!
You are too injured to fight recklessly!
You are too injured to fight recklessly!
You are too injured to fight recklessly!
You are too injured to fight recklessly!
You are too injured to fight recklessly!
You are too injured to fight recklessly!
You are too injured to fight recklessly!
You are too injured to fight recklessly!
You are too injured to fight recklessly!
You miss the orc warrior.
The orc warrior hits you with a +0 halberd!
* * * LOW HITPOINT WARNING * * *
You barely miss the orc warrior.
The orc warrior hits you with a +0 halberd!
You die...

#≈.)#.≈.≈.≈..(..≈.≈.
#≈..#.≈.≈.≈(⌠∩⌠.≈.≈.
#≈..#.≈.≈.≈≈.(.≈≈.≈.
#≈.)#.≈.≈≈.≈...≈.≈≈.
#≈.)#.≈≈.≈.≈≈≈≈≈.≈.≈
#≈..##.≈.≈≈.....≈≈.≈
#≈.)⌠#.≈≈.≈≈≈.≈≈≈)≈≈
#≈...#..≈≈..≈.≈))≈≈.
#≈.@.#.⌠.≈≈≈..)≈≈≈.⌠
#≈.o.##....≈≈≈≈≈....
#≈....#####.....####
##...... #######
##...... { ##.......
#######


You could see an orc warrior.

Vanquished Creatures
  A hippogriff (D:7)
  Eustachio (D:5)
  2 orc warriors
  A phantom (D:5)
  4 centaurs
  An ogre (D:5)
  Blork the orc (D:6)
  4 bullfrogs
  A crimson imp (D:6)
  A howler monkey (D:6)
  A jelly (D:5)
  3 orc priests (D:6)
  A hound (D:6)
  2 bullfrog skeletons (D:6)
  An iguana (D:5)
  4 orc wizards
  2 worker ants
  3 gnolls
  9 adders
  A shadow imp (D:5)
  An adder zombie (D:5)
  2 worms
  2 dart slugs (D:1)
  3 leopard geckos
  40 orcs
  7 bats
  5 giant cockroaches
  5 goblins
  4 hobgoblins
  A quokka (D:2)
  A ball python (D:3)
  3 frilled lizards
  A jackal skeleton (D:5)
  5 kobolds
  A quokka zombie (D:7)
  2 rats
127 creatures vanquished.

Notes
Turn   | Place    | Note
-------+----------+-------------------------------------------
     0 | D:1      | Gynju the Formicid Fighter began the quest for the Orb.
     0 | D:1      | Reached XP level 1. HP: 18/18 MP: 1/1
   174 | D:1      | Reached XP level 2. HP: 22/24 MP: 2/2
   757 | D:2      | Reached XP level 3. HP: 29/29 MP: 3/3
  1040 | D:2      | Reached skill level 1 in Dodging
  1040 | D:2      | Reached XP level 4. HP: 36/36 MP: 4/4
  1477 | D:2      | Found a hazy altar of Hepliaklqana.
  1520 | D:3      | Reached skill level 3 in Axes
  1969 | D:3      | Reached XP level 5. HP: 42/42 MP: 5/5
  2284 | D:4      | You fall into a shaft and drop 1 floor!
  2284 | D:5      | Entered Level 5 of the Dungeon
  3407 | D:5      | Reached XP level 6. HP: 48/48 MP: 6/6
  3434 | D:5      | Noticed an ogre
  3439 | D:5      | Killed an ogre
  3439 | D:5      | Reached skill level 4 in Axes
  3816 | D:5      | Reached XP level 7. HP: 46/55 MP: 7/7
  4107 | D:6      | Reached skill level 5 in Shields
  4107 | D:6      | Noticed Eustachio
  4136 | D:5      | Killed Eustachio
  4136 | D:5      | Reached skill level 5 in Axes
  4342 | D:6      | Reached XP level 8. HP: 46/61 MP: 8/8
  4565 | D:5      | Reached skill level 5 in Fighting
  4675 | D:5      | Reached skill level 5 in Armour
  5237 | D:6      | Reached skill level 6 in Axes
  5581 | D:6      | Noticed Blork the orc
  5610 | D:6      | Killed Blork the orc
  5740 | D:6      | Reached skill level 7 in Axes
  5780 | D:6      | Reached XP level 9. HP: 19/68 MP: 9/9
  6442 | D:7      | Noticed a hippogriff
  6462 | D:7      | Killed a hippogriff
  6462 | D:7      | Reached skill level 8 in Axes
  6469 | D:7      | Found a flagged portal.
  6484 | Bailey   | Entered a bailey
  6502 | Bailey   | Reached skill level 5 in Dodging
  6968 | Bailey   | Mangled by an orc warrior

Levels and vault maps discovered:
D:1:      kilobyte_arrival_exit_the_forest, layout_rooms
D:2:      layout_loops_cross, lemuel_coloured_pillars_altar
D:3:      layout_loops_cross, chequers_jeans
D:4:      layout_gridville
D:5:      layout_gridville, first_ration
D:6:      layout_cave_pods, uniq_eustachio, uniq_blork_the_orc
D:7:      layout_basic, minmay_temple_entry_statues_pillars, enter_bailey_3
Bailey:   bailey_polearm_flooded_kennysheep, bailey

Skill      XL: |  1  2  3  4  5  6  7  8  9 |
---------------+----------------------------+-----
Dodging        | 1 2 4 5 |  5.0
Shields        | 4 5 |  5.0
Axes           | 3 4 5 7 8 |  8.9
Fighting       | 4 5 |  5.0
Armour         | 4 5 |  5.1

Action                   |  1- 3 |  4- 6 |  7- 9 || total
-------------------------+-------+-------+-------++-------
Melee: War axe           |    81 |   150 |   157 ||   388
       Battleaxe         |       |       |   126 ||   126
       Spear             |       |       |     9 ||     9
  Use: Scroll            |       |       |    12 ||    12
       Potion            |       |       |     1 ||     1
  Eat: Chunk             |     1 |     8 |    11 ||    20
Armor: Scale mail        |    46 |    45 |    32 ||   123
       Chain mail        |       |       |   135 ||   135
Dodge: Dodged            |    30 |    46 |   147 ||   223
Block: Shield            |    71 |    82 |   199 ||   352

Table legend:
 A = Non-vault XP
 B = Vault XP
 C = Vault XP percentage of total XP
 D = Non-vault monster count
 E = Vault monster count
 F = Vault count percentage of total count
                 A         B        C        D         E       F
            +---------+---------+-------+---------+---------+-------
      Total |    2248 |     703 |  23.8 |     105 |      22 |  17.3
            +---------+---------+-------+---------+---------+-------
        D:1 |      23 |       0 |   0.0 |      11 |       0 |   0.0
        D:2 |      62 |       0 |   0.0 |      15 |       0 |   0.0
        D:3 |      57 |       0 |   0.0 |      13 |       0 |   0.0
        D:4 |      71 |       0 |   0.0 |      14 |       0 |   0.0
        D:5 |     695 |     197 |  22.1 |      15 |       1 |   6.2
        D:6 |     830 |      96 |  10.4 |      31 |       1 |   3.1
        D:7 |     510 |       7 |   1.4 |       6 |       4 |  40.0
     Bailey |       0 |     403 | 100.0 |       0 |      16 | 100.0
            +---------+---------+-------+---------+---------+-------
